Map: Stasis LE

Players

NORTHAMERICA - Winner!

  • Race: Protoss Protoss
  • League: Master
  • Spawn Location: 1:00

开局要打鸡儿盒饭

  • Race: Terran Terran
  • League: Master
  • Spawn Location: 11:00

VOD

Have the link to the VOD?

Description

Time

  • Played on: Nov. 22, 2018, 3:33 a.m.
  • Length: 18:18
Show
View Real Time Build Order
Export as new Build Order

NORTHAMERICA Protoss - Winner!

Build Orders: 1 Gate Expand, Colossus Rush 

Get SALT Encoding   

  12  0:02  Probe  
  13  0:14  Probe  
  13  0:19  Pylon  
  14  0:26  Probe  
  15  0:35  Probe  
  15  0:37  Gateway  
  16  0:43  Probe  
  16  0:48  Assimilator  
  17  0:53  Probe  
  18  1:05  Probe  
  19  1:17  Probe  
  20  1:30  Nexus  
  20  1:42  Probe, Cybernetics Core  
  21  1:52  Assimilator  
  21  1:54  Probe  
  22  2:04  Pylon  
  22  2:07  Probe  
  23  2:13  Stalker  
  23  2:18  Warp Gate  
  26  2:22  Probe  
  25  2:33  Robotics Facility  
  25  2:35  Probe  
  26  2:43  Sentry  
  26  2:47  Probe  
  26  2:49  Probe, Pylon  
  30  2:59  Probe x2  
  32  3:08  Probe  
  32  3:11  Probe  
  34  3:16  Probe, Shield Battery  
  34  3:20  Immortal  
  34  3:23  Probe  
  36  3:33  Probe  
  41  3:36  Probe  
  42  3:45  Probe  
  42  3:48  Probe, Gateway  
  44  3:53  Gateway  
  44  3:55  Probe  
  44  4:00  Probe  
  46  4:03  Probe  
  46  4:05  Robotics Bay  
  47  4:11  Probe  
  47  4:12  Probe  
  47  4:15  Pylon, Observer  
  49  4:21  Assimilator  
  50  4:24  Probe  
  50  4:26  Assimilator  
  50  4:27  Probe  
  50  4:28  Forge  
  52  4:31  Pylon  
  52  4:36  Probe, Zealot  
  55  4:39  Observer  
  55  4:41  Pylon  
  55  4:47  Sentry  
  58  4:56  Colossus  
  64  5:08  Nexus  
  64  5:12  Extended Thermal Lance  
  64  5:17  Protoss Ground Weapons Level 1  
  64  5:20  Probe  
  65  5:21  Sentry  
  65  5:23  Probe  
  65  5:25  Pylon  
  68  5:33  Probe  
  68  5:34  Gateway  
  68  5:35  Probe  
  70  5:43  Gateway  
  70  5:45  Probe, Colossus  
  70  5:47  Probe  
  78  5:57  Probe  
  78  5:59  Probe  
  78  6:02  Zealot  
  82  6:09  Probe  
  83  6:11  Probe  
  83  6:14  Stalker  
  83  6:15  Twilight Council  
  86  6:21  Probe  
  86  6:23  Probe  
  88  6:25  Probe  
  88  6:28  Disruptor  
  87  6:33  Probe  
  87  6:34  Pylon, Blink  
  87  6:35  Stalker, Probe  
  87  6:38  Probe  
  95  6:45  Probe  
  95  6:46  Shield Battery  
  96  6:48  Probe  
  96  6:49  Zealot x2  
  96  6:53  Probe  
  102  6:54  Gateway  
  102  6:57  Probe  
  102  6:58  Photon Cannon  
  103  7:04  Protoss Ground Weapons Level 2, Disruptor  
  106  7:09  Probe  
  106  7:10  Adept  
  109  7:18  Pylon  
  109  7:20  Pylon  
  109  7:21  Pylon x2  
  105  7:28  Assimilator  
  105  7:34  Assimilator  
  105  7:39  Stalker x5  
  115  7:45  Probe  
  115  7:46  Probe  
  115  7:49  Disruptor  
  118  7:57  Photon Cannon  
  118  8:00  Shield Battery, Photon Cannon  
  118  8:03  Probe  
  119  8:17  Immortal  
  119  8:20  Pylon, Nexus  
  119  8:24  Stalker, Robotics Facility  
  119  8:25  Stalker, Charge  
  127  8:37  Zealot  
  127  8:38  Zealot x3  
  135  8:43  Templar Archives  
  135  8:47  Photon Cannon  
  135  8:55  Nexus  
  133  9:02  Probe  
  132  9:03  Zealot x2  
  132  9:07  Warp Prism  
  132  9:08  Probe  
  137  9:12  Protoss Ground Armor Level 1  
  137  9:14  Shield Battery, Psionic Storm  
  137  9:15  Zealot x2, Pylon  
  137  9:16  Zealot x2  
  147  9:29  Warp Prism  
  149  9:34  High Templar x2  
  149  9:37  High Templar  
  149  9:38  High Templar  
  157  9:42  Assimilator  
  157  9:43  Gateway  
  157  9:47  Gateway  
  154  9:59  High Templar  
  157  10:07  Probe  
  157  10:12  Stargate  
  157  10:14  Pylon  
  157  10:15  Assimilator  
  157  10:17  Photon Cannon  
  157  10:18  Zealot x5  
  171  10:28  Immortal  
  169  10:38  Stalker x2  
  169  10:39  Stalker x4  
  179  11:00  Nexus  
  173  11:11  Fleet Beacon  
  171  11:14  Stargate  
  171  11:17  Stargate  
  160  11:23  Zealot x5, Protoss Air Weapons Level 1, Protoss Ground Armor Level 2  
  160  11:24  Zealot x3  
  174  11:35  Pylon  
  174  11:45  High Templar  
  160  11:48  Zealot  
  160  11:49  Zealot x6  
  169  12:04  Tempest x3  
  165  12:10  Stalker x3  
  182  12:28  High Templar x3  
  184  12:46  Tempest, Archon  
  184  12:47  Zealot x2  
  141  13:00  Stalker x2  
  135  13:11  Zealot  
  135  13:12  Zealot x3  
  127  13:15  Disruptor  
  127  13:17  Probe  
  131  13:29  Tempest  
  141  13:39  Stalker x5  
  145  13:46  Probe  
  145  13:47  Probe  
  134  13:50  Disruptor  
  134  13:52  Zealot x3  
  137  13:58  Immortal  
  137  14:02  Probe  
  133  14:06  Zealot  
  133  14:07  Zealot x3  
  140  14:14  Probe  
  140  14:15  Zealot x3  
  132  14:17  Tempest  
  125  14:26  Immortal  
  125  14:28  Probe  
  125  14:30  Zealot x3  
  132  14:33  Pylon  
  124  14:40  Zealot x3  
  124  14:41  Probe  
  125  14:51  Zealot x3  
  131  14:55  Disruptor  
  131  14:57  Probe  
  131  14:58  Probe  
  132  15:01  Oracle  
  128  15:07  Probe  
  128  15:08  Assimilator  
  128  15:09  High Templar x3  
  128  15:12  Assimilator  
  138  15:14  Probe  
  139  15:27  Stalker x3  
  145  15:30  Nexus  
  145  15:38  Oracle  
  145  15:40  Pylon  
  148  15:44  Immortal x2  
  148  15:46  Zealot  
  148  15:47  Zealot x2  
  162  16:17  High Templar x3  
  168  16:23  Tempest, Disruptor  
  176  16:30  Probe  
  177  16:34  Zealot x3  
  174  16:48  Immortal  
  174  16:50  Pylon  
  178  16:54  Gateway  
  178  16:56  Gateway  
  178  16:57  Stalker x3  
  178  16:58  Stalker  
  178  16:59  Immortal  
  163  17:27  Immortal  
  161  17:31  Zealot x5  
  161  17:32  Zealot  
  173  17:43  Assimilator  
  177  17:45  Assimilator  
  177  17:54  Zealot  
  177  17:55  Zealot x5  
  177  17:56  Zealot x2  
Show
View Real Time Build Order
Export as new Build Order

开局要打鸡儿盒饭 Terran 

Build Orders: Reaper Expand 

Get SALT Encoding   

  12  0:00  SCV  
  13  0:12  SCV  
  14  0:17  Supply Depot  
  14  0:25  SCV  
  15  0:39  SCV  
  15  0:41  Barracks  
  16  0:47  Refinery  
  16  0:51  SCV  
  17  1:03  SCV  
  18  1:15  SCV  
  19  1:30  Orbital Command  
  19  1:31  Reaper  
  20  1:45  Command Center  
  20  1:56  Supply Depot  
  20  1:57  SCV  
  21  2:05  Marine  
  22  2:10  SCV  
  22  2:13  Factory  
  23  2:22  SCV  
  24  2:25  Barracks Reactor  
  24  2:27  Refinery  
  24  2:34  SCV  
  25  2:46  SCV  
  26  2:54  Barracks  
  26  2:58  SCV  
  26  2:59  Orbital Command  
  26  3:00  Widow Mine  
  28  3:05  Marine x2  
  28  3:10  SCV  
  31  3:22  SCV  
  31  3:24  Marine x2  
  34  3:27  Orbital Command  
  34  3:35  SCV  
  34  3:40  Barracks Tech Lab  
  35  3:44  Engineering Bay  
  35  3:47  SCV  
  36  3:49  Marine x2  
  36  3:50  Supply Depot, Widow Mine  
  40  3:58  SCV  
  40  3:59  SCV  
  40  4:02  Marine  
  42  4:03  Stimpack  
  43  4:10  SCV  
  43  4:12  Terran Infantry Weapons Level 1  
  43  4:14  SCV  
  43  4:16  Supply Depot  
  45  4:18  Factory Tech Lab  
  45  4:19  Barracks  
  45  4:20  Marine  
  45  4:22  SCV  
  47  4:26  SCV  
  48  4:32  Marine  
  48  4:34  SCV  
  51  4:38  SCV  
  51  4:39  Supply Depot  
  51  4:41  Starport  
  51  4:42  Factory Reactor  
  51  4:43  Refinery  
  51  4:46  SCV  
  51  4:49  Marine  
  51  4:50  Marine  
  51  4:51  SCV  
  55  4:56  Supply Depot  
  55  4:58  SCV, Supply Depot  
  56  5:03  SCV, Supply Depot  
  57  5:10  SCV  
  57  5:12  Combat Shield  
  58  5:14  Marauder x2  
  58  5:15  Marine x2  
  58  5:16  SCV  
  65  5:22  SCV  
  65  5:27  Supply Depot  
  65  5:28  SCV  
  67  5:33  Medivac x2  
  67  5:34  Factory Tech Lab  
  71  5:37  Marauder x2, Marine x2  
  77  5:51  Command Center  
  77  6:02  SCV  
  77  6:03  Medivac x2, SCV, Refinery  
  83  6:04  Marauder  
  83  6:07  Terran Infantry Armor Level 1  
  83  6:08  Marauder  
  83  6:09  Marine  
  88  6:12  Concussive Shells  
  88  6:16  SCV  
  89  6:21  Marine  
  90  6:26  Marauder, Marine  
  90  6:30  Marauder, Siege Tank  
  90  6:31  SCV  
  90  6:32  SCV  
  100  6:34  Supply Depot x2  
  100  6:43  Marine  
  101  6:49  Barracks  
  101  6:51  Barracks  
  101  6:52  SCV  
  102  6:55  SCV  
  103  7:04  Medivac x2  
  103  7:05  Orbital Command  
  107  7:13  Marine, Siege Tank  
  107  7:14  Marine, Marauder x2  
  116  7:20  Engineering Bay  
  116  7:22  Armory  
  116  7:29  SCV  
  117  7:31  Marine  
  117  7:32  Marine  
  117  7:35  Marauder  
  116  7:45  Siege Tank  
  116  7:46  Barracks Reactor, Barracks Tech Lab  
  117  7:52  Marine x3  
  117  7:54  Orbital Command  
  120  8:08  Barracks x2  
  120  8:09  Refinery  
  120  8:10  Barracks  
  120  8:11  Refinery  
  120  8:15  Terran Vehicle Weapons Level 1, Factory  
  120  8:16  Marine x3  
  120  8:17  SCV, Siege Tank  
  127  8:20  SCV  
  127  8:23  SCV  
  129  8:29  SCV  
  129  8:32  SCV  
  131  8:34  Terran Infantry Armor Level 2, Terran Infantry Weapons Level 2  
  131  8:35  SCV  
  132  8:41  SCV  
  132  8:45  Missile Turret  
  133  8:57  Supply Depot x2  
  132  9:03  Liberator x2  
  132  9:10  Supply Depot  
  132  9:14  Sensor Tower  
  132  9:19  Siege Tank  
  132  9:22  Barracks Tech Lab x3  
  141  9:28  SCV x3  
  144  9:33  Supply Depot x2  
  144  9:34  Supply Depot x2  
  144  9:40  SCV x2, Factory Tech Lab  
  146  9:49  Liberator x2  
  146  9:59  Siege Tank x2  
  145  10:04  Factory  
  150  10:22  Terran Vehicle Weapons Level 2  
  150  10:31  Siege Tank x2  
  150  10:41  Marine, Marauder  
  150  10:42  Marauder, Marine x7  
  148  10:47  Factory Tech Lab  
  148  10:50  Command Center  
  148  10:59  Marine  
  148  11:00  Marine x3  
  148  11:03  Siege Tank  
  152  11:10  Siege Tank x2  
  158  11:12  Marine x3, Marauder x3  
  158  11:17  Marine x4  
  168  11:30  Marauder x3  
  174  11:33  Marine, Marauder  
  174  11:34  Marauder  
  174  11:35  Marine x2, Viking x2, Siege Tank  
  188  11:49  Marine  
  189  12:01  Marauder x2  
  189  12:08  Liberator x2  
  184  12:09  Marauder x4, Marine x2  
  184  12:10  Siege Tank x2  
  187  12:23  Marauder x2  
  197  12:32  Siege Tank  
  197  12:45  Siege Tank  
  163  13:01  Siege Tank  
  163  13:02  Marine x2  
  163  13:03  Marine, Marauder x3  
  163  13:04  Siege Tank  
  169  13:07  Marine  
  169  13:08  Marine, Marauder x2  
  169  13:12  Viking  
  161  13:20  Marine  
  161  13:24  Marauder x2  
  161  13:26  Marine  
  167  13:27  Marine x4  
  167  13:29  Marine  
  168  13:35  Marine  
  168  13:38  Marine  
  159  13:44  Marine  
  159  13:45  Marine x5  
  159  13:47  Siege Tank  
  157  13:57  Terran Infantry Weapons Level 3  
  157  13:58  Marine  
  147  14:07  Marine x4  
  148  14:10  Viking  
  148  14:15  Marine  
  142  14:18  Marine x3  
  142  14:19  Marine  
  142  14:20  Marine  
  121  14:25  Marine  
  121  14:26  Marine x3  
  118  14:33  Marine  
  118  14:35  Siege Tank  
  118  14:36  Marine x3  
  118  14:37  Marine  
  115  14:38  Marine, Terran Infantry Armor Level 3  
  115  14:43  Marine  
  115  14:44  Marine x3  
  110  14:49  Orbital Command  
  110  14:51  Marine  
  105  14:53  Marine  
  105  14:54  Marine x2  
  105  14:55  Marauder  
  105  14:56  Marine  
  104  15:00  Siege Tank  
  104  15:01  Viking  
  104  15:02  Marauder  
  109  15:08  Marine  
  109  15:09  Marauder, SCV  
  113  15:15  Marine  
  113  15:16  Marine x2, Marauder  
  113  15:18  Marine  
  113  15:21  Marauder  
  121  15:26  Viking  
  123  15:33  Viking  
  122  15:42  Starport  
  122  15:45  Barracks Tech Lab  
  122  15:47  Siege Tank x2  
  122  15:49  Siege Tank  
  131  15:52  Marauder x4  
  139  16:04  Viking  
  139  16:05  Viking  
  139  16:06  Command Center  
  129  16:24  Viking x2  
  129  16:25  Siege Tank x2  
  138  16:26  Siege Tank  
  138  16:31  Orbital Command  
  141  16:36  Medivac x2  
  138  17:12  Marine x2, Marauder x2  
  138  17:13  Siege Tank  
  125  17:24  Viking  
  125  17:25  Viking x2  
  125  17:27  Marauder  
  113  17:31  Marauder  
  113  17:33  Marine  
  113  17:35  Marine  
  117  17:43  Marauder  
  117  17:58  Marine  
Tags
 
Add a new tag
Caveats
  • Supply blocks, unpowered buildings, or Contaminate may cause inaccurate times.
  • Supply counts are checked every 10 seconds.